 Dungeon Crawl Stone Soup version 0.28-a0-834-g1a73be5ee4 (webtiles) character file.

Game seed: 11484948180999571123

810 funkygono the Magician (level 7, -4/54 HPs)
             Began as a Gargoyle Fire Elementalist on Nov 11, 2021.
             Slain by a mummy (12 damage)
             ... in an ossuary.
             The game lasted 00:08:43 (4834 turns).

funkygono the Magician (Gargoyle Fire Elementalist) Turns: 4834, Time: 00:08:44

Health: -4/54      AC: 23    Str: 11    XL:     7   Next: 92%
Magic:  0/15       EV:  2    Int: 18    God:
Gold:   193        SH:  0    Dex: 10    Spells: 7/17 levels left

rFire   . . .      SeeInvis .   m - +1 whip
rCold   . . .      Faith    .   (no shield)
rNeg    + . .      Spirit   .   (armour currently unavailable)
rPois   ∞          Reflect  .   (helmet currently unavailable)
rElec   .          Harm     .   (cloak currently unavailable)
rCorr   .          Rampage  .   (gloves currently unavailable)
Will    .....      NoTele   +   (boots currently unavailable)
Stlth   ++........              (no amulet)
HPRegen 0.18/turn               (no ring)
MPRegen 0.14/turn               (no ring)

@: tree-form, marked
A: stationary, stasis, torment immunity, boosted hp, sickness immunity, AC +4,
negative energy resistance 1, (electricity resistance), torment resistance 1,
petrification resistance
a: no special abilities


You were in an ossuary.
You were a tree.
You visited 1 branch of the dungeon, and saw 5 of its levels.
You also visited: Ossuary.

You collected 193 gold pieces.

Inventory:

Hand Weapons
 m - a +1 whip (weapon)
Missiles
 l - 39 stones
Armour
 a - a +1 robe (melded)
 h - a scarf of invisibility (melded)
Magical Staves
 e - a staff of fire
 o - a staff of cold
Jewellery
 c - an amulet of reflection
 q - a ring of see invisible
 r - a +4 ring of evasion
Wands
 u - a wand of iceblast (6)
Scrolls
 d - 2 scrolls of teleportation
Potions
 b - 2 potions of invisibility
 g - a potion of cancellation
 j - a potion of heal wounds {unknown}
 p - a potion of degeneration {unknown}
 s - a potion of haste {unknown}


   Skills:
 + Level 0.1 Staves
 + Level 1.7 Dodging
 - Level 2.1 Stealth
 * Level 5.9 Spellcasting
 * Level 3.3 Conjurations
 * Level 5.8 Fire Magic


You had 7 spell levels left.
You knew the following spells:

 Your Spells              Type           Power      Damage    Failure   Level
a - Foxfire               Conj/Fire      84%        2x1d8     1%          1
b - Scorch                Fire           52%        2d8       1%          2
c - Conjure Flame         Conj/Fire      21%        6-21      5%          3
d - Flame Wave            Conj/Fire      21%        3d6       19%         4

Your spell library contained the following spells:

 Spells                   Type           Power      Damage    Failure   Level
 Inner Flame              Hex/Fire       15%        N/A       11%         3


Dungeon Overview and Level Annotations

Branches:
Dungeon (5/15)            Ossuary (1/1)
 Temple: D:4-7

Altars:

Shops:
D:4 :   D:5 :


Innate Abilities, Weirdness & Mutations

You are a tree.
Your roots penetrate the ground, keeping you stationary.
You cannot be teleported.
You are immune to unholy pain and torment.
Your maximum health is greatly increased.
Your equipment is partially melded.
You are immune to sickness and miasma.
((Your stone body is resilient. (AC +4)))
You are immune to poison.
You resist negative energy. (rN+)
((You are resistant to electric shocks. (rElec)))
You are resistant to unholy torment.
You are immune to petrification.


Message History

You feel better.
Casting: Foxfire (safe; 1% risk of failure)
Confirm with . or Enter, or press ? or * to list all spells.
You don't have enough magic to cast this spell.
You barely miss the mummy.
The mummy is heavily damaged.
The mummy hits you but does no damage. The mummy misses you.
You hit the mummy.
The mummy is severely damaged.
The mummy hits you but does no damage. The mummy barely misses you.
You barely miss the mummy.
The mummy is severely damaged.
The mummy hits you!
* * * LOW HITPOINT WARNING * * *
Casting: Foxfire (safe; 1% risk of failure)
Confirm with . or Enter, or press ? or * to list all spells.
You conjure some foxfire!
The mummy misses you.
Unknown command.
The foxfire hits the mummy.
The mummy is burned terribly!
The mummy is almost destroyed.
The foxfire hits the mummy.
The mummy is burned terribly!
You destroy the mummy!
It was a potion of lignification.
You turn into a tree.
Your scarf of invisibility melds into your body.
Your +1 robe melds into your body.
Your roots penetrate the ground.
You barely miss the mummy. The mummy completely misses you.
You hit the mummy.
The mummy is lightly damaged.
You hit the mummy.
The mummy is moderately damaged.
The mummy hits you but does no damage.
You hit the mummy.
The mummy is moderately damaged.
The mummy hits you but does no damage.
You hit the mummy.
The mummy is heavily damaged.
Casting: Foxfire (safe; 1% risk of failure)
Confirm with . or Enter, or press ? or * to list all spells.
You conjure some foxfire!
The mummy hits you!
You die...

#
###########.#.
##.............
#..............
#..M..∩.∩....^.
#..♣..........^
##vv........^..
###########.#.
##


You could see a mummy (ally target).

Vanquished Creatures
  3 ogres
  4 centaur zombies (Ossuary)
  A bullfrog skeleton (D:5)
  A centaur skeleton (D:4)
  Jessica (D:3)
  3 orc wizards (D:3)
  An iguana (D:4)
  Ijyb (D:4)
  5 mummies (Ossuary)
  4 gnolls (D:2)
  4 adders
  2 worms
  A dart slug (D:2)
  10 orcs
  6 endoplasms
  A giant cockroach (D:3)
  5 goblins
  8 hobgoblins
  4 jackals
  2 quokkas
  4 ball pythons
  4 bats
  8 frilled lizards
  2 hobgoblin zombies (Ossuary)
  7 kobolds
  4 rats
96 creatures vanquished.

Vanquished Creatures (others)
  352 foxfires
352 creatures vanquished.

Grand Total: 448 creatures vanquished

Notes
Turn   | Place    | Note
-------+----------+-------------------------------------------
     0 | D:1      | funkygono the Gargoyle Fire Elementalist began the quest
                  | for the Orb.
     0 | D:1      | Reached XP level 1. HP: 10/10 MP: 3/3
   244 | D:1      | Reached XP level 2. HP: 13/15 MP: 0/5
   247 | D:1      | Learned a level 2 spell: Scorch
  1200 | D:2      | Reached XP level 3. HP: 19/19 MP: 3/6
  1206 | D:2      | Learned a level 3 spell: Conjure Flame
  1849 | D:2      | Reached XP level 4. HP: 14/24 MP: 0/8
  2632 | D:2      | Reached XP level 5. HP: 13/28 MP: 0/10
  3355 | D:3      | Found a faded altar of an unknown god.
  3492 | D:3      | Noticed Jessica
  3496 | D:3      | Killed Jessica
  3497 | D:3      | Reached XP level 6. HP: 32/32 MP: 6/12
  3502 | D:3      | Learned a level 4 spell: Flame Wave
  3735 | D:4      | Noticed Ijyb
  3740 | D:4      | Killed Ijyb
  3820 | D:4      | Found Ovo Deavoo's Book Emporium.
  4172 | D:4      | Reached skill level 5 in Spellcasting
  4486 | D:5      | Entered Level 5 of the Dungeon
  4549 | D:5      | Found Geitac's Book Shoppe.
  4555 | D:5      | Reached skill level 5 in Fire Magic
  4555 | D:5      | Reached XP level 7. HP: 36/36 MP: 10/14
  4640 | D:5      | Found a sand-covered staircase.
  4645 | Ossuary  | Entered an ossuary
  4834 | Ossuary  | Slain by a mummy

Illustrated notes

Levels and vault maps discovered:
D:1:      amcnicky_arrival_underground_garden, layout_basic
D:2:      cheibrodos_helix_gallery, layout_basic, minmay_box_of_dots
D:3:      layout_rooms, ebering_ecumenical_altar_box,
          minmay_misc_feat_secret_circle, uniq_jessica
D:4:      layout_rooms, serial_shops, nicolae_diamond_shop, uniq_ijyb
D:5:      gammafunk_steamed_eel, layout_rooms, serial_shops, nicolae_shop_stone,
          enter_ossuary_2, nicolae_stop_n_shop_1
Ossuary:  ossuary_the_hunt_dpeg

Skill      XL: |  1  2  3  4  5  6  7 |
---------------+----------------------+-----
Spellcasting   | 3 4 5 |  5.9
Conjurations   | 2 3 |  3.3
Fire Magic     | 4 5 |  5.8
Staves         | |  0.1
Dodging        | |  1.7
Stealth        | |  2.1

Action                   |  1- 3 |  4- 6 |  7- 9 || total
-------------------------+-------+-------+-------++-------
Melee: Staff             |       |     8 |       ||     8
       Whip              |       |       |    12 ||    12
 Cast: Foxfire           |    67 |    93 |    47 ||   207
       Scorch            |     4 |    15 |     1 ||    20
  Use: Scroll            |       |     7 |       ||     7
       Potion            |       |       |     3 ||     3
Armor: Robe              |       |     1 |     9 ||    10
       Skin              |       |       |     2 ||     2
Dodge: Dodged            |    12 |    15 |    29 ||    56

Table legend: (Time is in decaauts)
 A = Elapsed time spent in this place.
 B = Non-inter-level travel time spent in this place.
 C = Inter-level travel time spent in this place.
 D = Time resting spent in this place.
 E = Time spent auto-exploring this place.
 F = Levels seen in this place.
 G = Mean time per level.
                   A        B        C        D        E       F      G
               +--------+--------+--------+--------+--------+-----+--------+
         Total |   4837 |   4688 |    149 |    516 |   3350 |   6 |  806.2 |
       Dungeon |   4648 |   4499 |    149 |    400 |   3349 |   5 |  929.6 |
       Ossuary |    189 |    189 |      0 |    116 |      1 |   1 |  189.0 |
               +--------+--------+--------+--------+--------+-----+--------+

Top non-repeatable levels by time:
     D:2: 1669 daAuts
     D:1: 1133 daAuts
     D:3: 898 daAuts
     D:4: 788 daAuts
 Ossuary: 189 daAuts
     D:5: 158 daAuts
